 Dungeon Crawl Stone Soup version 0.27.1-37-g7b29ead8ac (console) character file.

Game seed: 11038961642546629372

588 grimtooth the Chopper (level 7, 0/55 HPs)
             Began as a Palentonga Abyssal Knight on May 9, 2023.
             Was a Priest of Lugonu.
             Succumbed to a water moccasin's poison
             ... on level 5 of the Dungeon.
             The game lasted 00:21:42 (5832 turns).

grimtooth the Chopper (Palentonga Abyssal Knight)   Turns: 5832, Time: 00:21:43

Health: 0/55       AC: 10    Str: 17    XL:     7   Next: 15%
Magic:  11/11      EV:  9    Int: 12    God:    Lugonu [***...]
Gold:   95         SH:  0    Dex: 10    Spells: 6/6 levels left

rFire    . . .     SeeInvis +   a - +2 hand axe
rCold    + . .     Faith    .   (no shield)
rNeg     . . .     Spirit   .   b - +0 leather armour
rPois    .         Reflect  .   o - +1 helmet
rElec    .         Harm     .   (no cloak)
rCorr    .         Rampage  .   (no gloves)
Will     .....                  (no barding)
Stlth    +.........             (no amulet)
HPRegen  0.18/turn              x - +4 ring of protection
MPRegen  0.12/turn              y - ring of protection from cold

@: lethally poisoned (0 -> -11)
A: large, rugged brown scales 3, see invisible, deformed body, roll 1, armoured
tail, reflexive curl
a: Rolling Charge, Renounce Religion, Depart the Abyss, Bend Space, Banish


You were on level 5 of the Dungeon.
You worshipped Lugonu.
Lugonu was most pleased with you.
You visited 1 branch of the dungeon, and saw 5 of its levels.
You visited the Abyss 1 time.
You also visited: Sewer.

You collected 95 gold pieces.

Inventory:

Hand Weapons
 a - a +2 hand axe (weapon)
Missiles
 d - 41 sling bullets
 h - 7 boomerangs of dispersal
 i - 7 javelins
 n - 55 stones (quivered)
Armour
 b - a +0 leather armour (worn)
 o - a +1 helmet (worn)
Jewellery
 x - a +4 ring of protection (left hand)
 y - a ring of protection from cold (right hand)
Scrolls
 c - a scroll of enchant weapon
 f - a scroll of blinking {unknown}
 w - a scroll of immolation {unknown}
Potions
 e - a potion of invisibility
 g - a potion of might {unknown}
 p - 2 potions of magic {unknown}
 s - a potion of mutation
 t - 2 potions of brilliance {unknown}
 v - a potion of haste {unknown}


   Skills:
 + Level 3.0 Fighting
 * Level 6.0 Axes
 - Level 1.5 Armour
 - Level 0.7 Dodging
 - Level 6.0 Invocations


You had 6 spell levels left.
You didn't know any spells.
Your spell library was empty.

Dungeon Overview and Level Annotations

Branches:
Dungeon (5/15)              Sewer (visited)
 Temple: D:4-7

Altars:

Shops:
D:5 *

Annotations:
D:2 dig
D:3 2 transporters, grimtooth's ghost, amateur GrIE
D:4 Sigmund
D:5 Pikel


Innate Abilities, Weirdness & Mutations

You are completely covered in rugged brown scales. (AC +3, +7% HP)
You have supernaturally acute eyesight. (SInv)
Armour fits poorly on your strangely shaped body.
You can roll at nearby foes to attack.
You have a long armoured tail.
You curl defensively after being hit.


Message History

You are more poisoned.
The water moccasin poisons you!
You closely miss the water moccasin.
Your tail-slap misses the water moccasin.
The water moccasin is moderately wounded.
You feel very sick. The water moccasin bites you.
You are lethally poisoned!
The water moccasin poisons you! The water moccasin bites you.
You closely miss the water moccasin.
Your tail-slap misses the water moccasin.
The water moccasin is moderately wounded.
You feel extremely sick.
The water moccasin bites you but does no damage.
You hit the water moccasin.
Your tail-slap misses the water moccasin.
The water moccasin is heavily wounded.
* * * LOW HITPOINT WARNING * * *
You feel very sick.
The water moccasin closely misses you. x2
You closely miss the water moccasin.
The water moccasin is heavily wounded.
* * * LOW HITPOINT WARNING * * *
You feel very sick.
The water moccasin bites you but does no damage.
You hit the water moccasin. You tail-slap the water moccasin.
The water moccasin is heavily wounded.
* * * LOW HITPOINT WARNING * * *
You feel very sick.
The water moccasin bites you but does no damage.
You slash the water moccasin!
Your tail-slap misses the water moccasin.
The water moccasin is severely wounded.
* * * LOW HITPOINT WARNING * * *
You feel very sick. The water moccasin misses you.
The water moccasin bites you.
* * * LOW HITPOINT WARNING * * *
You closely miss the water moccasin. You tail-slap the water moccasin.
The water moccasin is almost dead.
You die...

......##..<# ..
.......)... ...
#........##... ? ##
#........#....
..#.##..................
##......#................
........##......##......#
.........................
.........................
.........................
........@##..............
........S##..............
...........#.............
...........#..........#.#
.#.#.....w...........####
##....(<......#####s##
###..........### #..###
...............# #....#
^..............## ##....
................#####.#.
................#.#..###


You could see a water moccasin and a worm.

Vanquished Creatures
  A water moccasin (D:5)
  A phantom (D:5)
  4 lemures (D:5)
  2 scorpions
  A hound (D:4)
  4 adders
  4 gnolls (D:2)
  10 river rats
  A worm (D:2)
  5 dart slugs
  11 ball pythons
  3 endoplasms
  A giant cockroach (D:1)
  5 goblins
  3 hobgoblins
  5 jackals (D:3)
  19 kobolds
  A quokka (D:5)
  3 bats
  4 frilled lizards
  20 rats
108 creatures vanquished.

Notes
Turn   | Place    | Note
-------+----------+-------------------------------------------
     0 | Abyss:1  | grimtooth the Palentonga Abyssal Knight began the quest for
                  | the Orb.
     0 | Abyss:1  | Reached XP level 1. HP: 19/19 MP: 2/2
    51 | Abyss:1  | Noticed a tentacled starspawn
    52 | D:1      | Escaped the Abyss
   478 | D:1      | Found a faded altar of an unknown god.
   621 | D:1      | Reached * piety under Lugonu
   633 | D:1      | Reached XP level 2. HP: 23/25 MP: 3/3
  1050 | D:2      | Reached XP level 3. HP: 21/31 MP: 4/4
  2235 | D:2      | Reached XP level 4. HP: 37/37 MP: 5/5
  2315 | D:3      | Noticed a scorpion
  2332 | D:3      | Killed a scorpion
  2333 | D:3      | Reached skill level 5 in Axes
  2533 | D:3      | Reached XP level 5. HP: 43/43 MP: 6/6
  2553 | D:3      | Found a transporter.
  2565 | D:3      | Found a glowing drain.
  2734 | Sewer    | Entered a sewer
  2914 | Sewer    | Reached ** piety under Lugonu
  3747 | Sewer    | Reached XP level 6. HP: 45/50 MP: 8/8
  4234 | D:3      | Noticed grimtooth's ghost (amateur GrIE)
  4249 | D:3      | Found a transporter.
  4328 | D:3      | Reached *** piety under Lugonu
  4789 | D:4      | Noticed Sigmund
  4797 | D:5      | Entered Level 5 of the Dungeon
  4822 | D:5      | Noticed Pikel
  4906 | D:5      | - well that was some buggin out
  4946 | D:5      | HP: 2/50 [poisoned by a scorpion]
  5288 | D:5      | Reached skill level 5 in Invocations
  5482 | D:5      | Found Dosezyb's Serpentskin Sales.
  5482 | D:5      | Noticed a water moccasin
  5482 | D:5      | Noticed a water moccasin
  5496 | D:5      | Killed a water moccasin
  5497 | D:5      | Gained mutation: You curl defensively after being hit.
                  | [Palentonga growth]
  5497 | D:5      | Reached XP level 7. HP: 10/55 MP: 9/11
  5831 | D:5      | HP: 2/55 [water moccasin (3)]
  5832 | D:5      | Succumbed to a water moccasin's poison

Illustrated notes

.....##...†..........
..... #####.#..###...
.... ###.## .. ...
##.# ... ... #..#
.... #..###.>.#
#..#....# +.....#
#...####
#.#####......#
#..@..#.....#
.......####.....#
....... ##..###
...#... #....# ..
##.# ##.### . ## ###


Turn 4906 on D:5: - well that was some buggin out

Levels and vault maps discovered:
D:1:      elethiomel_arrival_maze, layout_basic, basic_ecumenical_altar
D:2:      layout_basic, lightli_corner_chamber
D:3:      layout_rooms, gammafunk_ghost_stat_death, portal_sewer_entry_b,
          hangedman_abyss_or_decor_stabs
D:4:      layout_cave_pools, nicolae_overflow_hidden_temple,
          minmay_temple_entry_arrows, minmay_fire_ice_demons, uniq_sigmund
D:5:      layout_cave_pools, ebering_ghost_gozag, guppyfry_shop_venom,
          uniq_pikel

Skill      XL: |  1  2  3  4  5  6  7 |
---------------+----------------------+-----
Axes           | 3 4 5 6 |  6.0
Invocations    | 3 5 6 |  6.0
Fighting       | |  3.0
Armour         | |  1.5
Dodging        | |  0.7

Action                   |  1- 3 |  4- 6 |  7- 9 || total
-------------------------+-------+-------+-------++-------
Melee: Hand axe          |    63 |   243 |    14 ||   320
       Tailslap          |     4 |    27 |     2 ||    33
Throw: Stone             |     3 |    39 |       ||    42
Invok: Depart the Abyss  |     1 |       |       ||     1
       Bend Space        |       |     3 |       ||     3
 Abil: Rolling Charge    |    18 |    33 |     2 ||    53
  Use: Potion            |       |     9 |       ||     9
       Scroll            |       |    11 |     1 ||    12
 Stab: Invisible         |       |     4 |       ||     4
Armor: Leather armour    |     8 |    90 |     5 ||   103
Dodge: Dodged            |    22 |   107 |     6 ||   135
